 Dungeon Crawl Stone Soup version 0.21.1-1-g345015f (webtiles) character file.

170 wilfster70 the Shield-Bearer (level 5, 0/45 HPs)
             Began as a Troll Wizard on Feb 28, 2018.
             Succumbed to an orc's poison
             ... on level 3 of the Dungeon.
             The game lasted 00:07:52 (2053 turns).

wilfster70 the Shield-Bearer (Troll Wizard)         Turns: 2053, Time: 00:07:53

Health: 0/45       AC:  6    Str: 15    XL:     5   Next: 26%
Magic:  7/7        EV:  9    Int: 15    God:
Gold:   40         SH:  0    Dex:  8    Spells: 7/8 levels left

rFire    . . .     SeeInvis .     - Unarmed
rCold    . . .     Gourm    +   (no shield)
rNeg     . . .     Faith    .   a - +0 robe
rPois    .         Spirit   .   b - +0 hat
rElec    .         Reflect  .   e - +0 cloak
rCorr    .         Harm     .   (gloves unavailable)
MR       .....                  (boots unavailable)
Stlth    +.........             n - amulet of magic regeneration
HPRegen  0.55/turn              (no ring)
MPRegen  0.35/turn              (no ring)

@: lethally poisoned (0 -> -37), slowed, very slow
A: large, unfitting armour, claws 3, fast metabolism 3, gourmand, regeneration
1, shaggy fur 1, tough skin 2
a: no special abilities


You were on level 3 of the Dungeon.
You were very full.

You visited 1 branch of the dungeon, and saw 3 of its levels.

You collected 40 gold pieces.

Inventory:

Armour
 a - a +0 robe (worn)
 b - a +0 hat (worn)
 e - a +0 cloak (worn)
 q - a +0 shield
Jewellery
 i - an uncursed ring of flight {unknown}
 n - an amulet of magic regeneration (around neck)
Scrolls
 f - a scroll of fog {unknown}
 h - a scroll of remove curse {unknown}
 j - 3 scrolls of fear {unknown}
 k - a scroll of amnesia {unknown}
 o - a scroll of noise {unknown}
 p - a scroll of identify {unknown}
Potions
 g - a potion of brilliance {unknown}
 l - a potion of agility {unknown}
 m - a potion of heal wounds {unknown}
Books
 c - a book of Minor Magic

   Spells                             Type                      Level
   a - Magic Dart                     Conjuration                  1
   b - Blink                          Translocation                2
   c - Call Imp                       Summoning                    2
   d - Slow                           Hexes                        2
   e - Conjure Flame                  Conjuration/Fire             3
   f - Mephitic Cloud                 Conjuration/Poison/Air       3
Comestibles
 d - 4 rations
 r - 2 chunks of flesh


   Skills:
 - Level 1.5 Dodging
 - Level 1.0 Stealth
 + Level 2.6 Shields
 - Level 1.9 Unarmed Combat
 - Level 2.4 Spellcasting
 - Level 1.6 Conjurations
   Level 0.6 Summonings
   Level 0.6 Translocations


You had 7 spell levels left.
You knew the following spells:

 Your Spells              Type           Power        Failure   Level  Hunger
a - Magic Dart            Conj           #...         11%         1    #......


Dungeon Overview and Level Annotations

Branches:
Dungeon (3/15)

Altars:
The Shining One


Innate Abilities, Weirdness & Mutations

You are too large for most types of armour.
You have claws for hands.
Your metabolism is lightning-fast.
You like to eat raw meat.
Your natural rate of healing is unusually fast.
You are covered in fur. (AC +1)
You have very tough skin. (AC +2)


Message History

The orc hits you with a hand axe of venom.
You are lethally poisoned!
The orc wizard hits you but does no damage.
The orc hits you with a hand axe of venom.
You are more poisoned.
You claw the orc wizard!
The orc wizard is almost dead.
* * * LOW HITPOINT WARNING * * *
You feel very sick. The bat barely misses you.
The orc wizard barely misses you.
The orc wizard points at you and mumbles some strange words.
The magic dart hits you!
* * * LOW HITPOINT WARNING * * *
The orc hits you but does no damage.
You are more poisoned.
* * * LOW HITPOINT WARNING * * *
You feel extremely sick. The bat hits you but does no damage.
There is a stone staircase leading up here.
You die...

##### ##...##
##.....## #......@#
#.....bo# #......o#
##.....## ####
#.......###########..#
#.......#...r..o..Ko#
#+++###...#########.#
##### #...o.. ...Kr...


You could see an orc wizard, an orc and a bat.

Vanquished Creatures
  2 orc priests (D:2)
  Terence (D:2)
  3 adders (D:2)
  A worm (D:2)
  A dart slug (D:2)
  6 leopard geckos
  An orc (D:2)
  4 giant cockroaches
  7 hobgoblins
  A quokka (D:2)
  2 ball pythons (D:1)
  5 bats
  3 frilled lizards
  4 goblins
  5 kobolds (D:2)
  6 rats
52 creatures vanquished.

Notes
Turn   | Place    | Note
-------+----------+-------------------------------------------
     0 | D:1      | wilfster70 the Troll Wizard began the quest for the Orb.
     0 | D:1      | Reached XP level 1. HP: 16/16 MP: 2/2
    99 | D:1      | Reached skill level 1 in Conjurations
    99 | D:1      | Reached XP level 2. HP: 15/24 MP: 0/4
   193 | D:1      | Reached skill level 1 in Unarmed Combat
   269 | D:1      | Found a glowing golden altar of the Shining One.
  1114 | D:2      | Found a glowing golden altar of the Shining One.
  1173 | D:2      | Reached XP level 3. HP: 31/31 MP: 5/5
  1601 | D:2      | Reached XP level 4. HP: 39/39 MP: 6/6
  1878 | D:3      | Noticed Terence
  1900 | D:2      | Reached skill level 1 in Shields
  1967 | D:2      | Reached XP level 5. HP: 29/45 MP: 7/7
  1975 | D:2      | Killed Terence
  2053 | D:3      | Succumbed to an orc's poison

Skill      XL: |  1  2  3  4 |
---------------+-------------+-----
Conjurations   | 1 |  1.6
Unarmed Combat | 1 |  1.9
Shields        | 2 |  2.6
Dodging        | |  1.5
Stealth        | |  1.0
Spellcasting   | |  2.4
Summonings     | |  0.6
Translocations | |  0.6

Action                   |  1- 3 |  4- 6 || total
-------------------------+-------+-------++-------
Melee: Unarmed           |   155 |    57 ||   212
       Punch             |     1 |     2 ||     3
 Cast: Magic Dart        |     8 |       ||     8
 Stab: Sleeping          |     1 |     1 ||     2
  Eat: Chunk             |    20 |     4 ||    24
Armor: Robe              |    83 |    39 ||   122
Dodge: Dodged            |    92 |    57 ||   149
